TOP OF THE 1ST |
Altoona Curve batting - Pitching for Pensacola Blue Wahoos : LHP Suk-jin Sok
|
Pitching: LHP Suk-jin Sok
|
|
Batting: LHB Sammy Roddenberry
|
0-0: Ground out 4-3 (Groundball, 4, EV 93.8 MPH)
|
Batting: RHB Jose Almonte
|
0-0: Ball 1-0: Ball 2-0: Fly out, F9 (Flyball, 9, EV 81.2 MPH)
|
Batting: LHB Nick Rooney
|
0-0: Foul Ball, location: 2F 0-1: Called Strike 0-2: Ball 1-2: Ball 2-2: Strikes out looking
|
Top of the 1st over - 0 runs, 0 hits, 0 errors, 0 left on base; Altoona 0 - Pensacola 0 |
BOTTOM OF THE 1ST |
Pensacola Blue Wahoos batting - Pitching for Altoona Curve : RHP Don Boudreau
|
Pitching: RHP Don Boudreau
|
|
Batting: RHB Jonathan Robies
|
0-0: Fly out, F8 (Flyball, 8RM, EV 82.5 MPH)
|
Batting: RHB Tony Casas
|
0-0: Foul Ball, location: 2F 0-1: Called Strike 0-2: Ball 1-2: Ball 2-2: Ball 3-2: Ground out 5-3 (Groundball, 5, EV 84.4 MPH)
|
Batting: RHB Sang-ton Pak
|
0-0: Foul Ball, location: 2F 0-1: Foul Ball, location: 2F 0-2: Strikes out swinging
|
Bottom of the 1st over - 0 runs, 0 hits, 0 errors, 0 left on base; Altoona 0 - Pensacola 0 |
TOP OF THE 2ND |
Altoona Curve batting - Pitching for Pensacola Blue Wahoos : LHP Suk-jin Sok
|
Batting: RHB Etsuro Hosokawa
|
0-0: Ball 1-0: Ball 2-0: Foul Ball, location: 2F 2-1: Ground out 4-3 (Groundball, 4, EV 98.8 MPH)
|
Batting: RHB Mike Velazquez
|
0-0: Called Strike 0-1: Ball 1-1: Called Strike 1-2: Foul Ball, location: 2F 1-2: Ball 2-2: Ball 3-2: Base on Balls
|
Batting: LHB Ruben Garza
|
0-0: Swinging Strike 0-1: Ball 1-1: Called Strike 1-2: Strikes out swinging
|
Batting: RHB Freddy Quintero
|
0-0: DOUBLE (Line Drive, 89D, EV 109.4 MPH) Mike Velazquez to third Runner from 3rd tries for Home, SAFE, no throw by RF
|
Pinch Runner at 2nd Curtis Thompson:
|
|
Batting: RHB Keiji Nakajima
|
0-0: DOUBLE (Line Drive, 8RD, EV 103.1 MPH) Curtis Thompson scores
|
Batting: RHB Pleun Smit
|
0-0: Fly out, F8 (Flyball, 8LD, EV 94.4 MPH)
|
Top of the 2nd over - 2 runs, 2 hits, 0 errors, 1 left on base; Altoona 2 - Pensacola 0 |
BOTTOM OF THE 2ND |
Pensacola Blue Wahoos batting - Pitching for Altoona Curve : RHP Don Boudreau
|
Now at 3B: Curtis Thompson
|
|
Batting: RHB Jordan Torres
|
0-0: Ball 1-0: Ball 2-0: Called Strike 2-1: Ball 3-1: Ground out 5-3 (Groundball, 56, EV 105.0 MPH)
|
Batting: LHB Brian Snyder
|
0-0: Called Strike 0-1: Ball 1-1: Foul Ball, location: 2F 1-2: Foul Ball, location: 2F 1-2: Ball 2-2: Foul Ball, location: 2F 2-2: Strikes out swinging
|
Batting: RHB Dave Ruiz
|
0-0: DOUBLE (Line Drive, 78M, EV 96.2 MPH)
|
Batting: RHB Matt Silva
|
0-0: Ball 1-0: Foul Ball, location: 2F 1-1: Called Strike 1-2: Strikes out looking
|
Bottom of the 2nd over - 0 runs, 1 hit, 0 errors, 1 left on base; Altoona 2 - Pensacola 0 |
TOP OF THE 3RD |
Altoona Curve batting - Pitching for Pensacola Blue Wahoos : LHP Suk-jin Sok
|
Batting: LHB Sammy Roddenberry
|
0-0: Ball 1-0: Ground out U3 (Groundball, 3, EV 85.6 MPH)
|
Batting: RHB Jose Almonte
|
0-0: Called Strike 0-1: SOLO HOME RUN (Flyball, 89XD, EV 99.4 MPH), Distance : 413 ft
|
Batting: LHB Nick Rooney
|
0-0: Ball 1-0: Foul Ball, location: 2F 1-1: Called Strike 1-2: Ball 2-2: Strikes out swinging
|
Batting: RHB Etsuro Hosokawa
|
0-0: Ball 1-0: Ball 2-0: Called Strike 2-1: Foul Ball, location: 2F 2-2: Ball 3-2: Base on Balls
|
Batting: RHB Mike Velazquez
|
0-0: Called Strike 0-1: Foul Ball, location: 2F 0-2: Foul Ball, location: 2F 0-2: Fly out, F8 (Flyball, 8RM, EV 98.8 MPH)
|
Top of the 3rd over - 1 run, 1 hit, 0 errors, 1 left on base; Altoona 3 - Pensacola 0 |
BOTTOM OF THE 3RD |
Pensacola Blue Wahoos batting - Pitching for Altoona Curve : RHP Don Boudreau
|
Batting: RHB Felipe Pineda
|
0-0: Ball 1-0: Swinging Strike 1-1: Foul Ball, location: 2F 1-2: Foul Ball, location: 2F 1-2: SINGLE (Groundball, 4M, EV 91.2 MPH) (infield hit)
|
Batting: RHB Pat Mage
|
0-0: Foul Ball, location: 2F 0-1: Ball 1-1: Fielders Choice at 2nd, 6-4 (Groundball, 56, EV 105.0 MPH)
|
Batting: RHB Jonathan Robies
|
0-0: Foul Ball, location: 2F 0-1: Ball 1-1: SINGLE (Line Drive, 9S, EV 106.9 MPH) Pat Mage to second
|
Batting: RHB Tony Casas
|
0-0: Called Strike Pat Mage steals 3rd base Jonathan Robies to second 0-1: Ball 1-1: Ball 2-1: Swinging Strike 2-2: Foul Ball, location: 2F 2-2: Ball 3-2: Strikes out swinging
|
Batting: RHB Sang-ton Pak
|
0-0: Ball 1-0: Foul Ball, location: 2F 1-1: Foul Ball, location: 2F 1-2: Ball 2-2: Fly out, F7 (Line Drive, 7, EV 98.1 MPH)
|
Bottom of the 3rd over - 0 runs, 2 hits, 0 errors, 2 left on base; Altoona 3 - Pensacola 0 |
TOP OF THE 4TH |
Altoona Curve batting - Pitching for Pensacola Blue Wahoos : LHP Suk-jin Sok
|
Batting: LHB Ruben Garza
|
0-0: Called Strike 0-1: Ground out 4-3 (Groundball, 4, EV 86.2 MPH)
|
Batting: SHB Curtis Thompson
|
0-0: Ground out 6-3 (Groundball, 6, EV 90.0 MPH)
|
Batting: RHB Keiji Nakajima
|
0-0: Ball 1-0: Ball 2-0: Ball 3-0: Called Strike 3-1: Ground out 1-3 (Groundball, 34S, EV 65.6 MPH)
|
Top of the 4th over - 0 runs, 0 hits, 0 errors, 0 left on base; Altoona 3 - Pensacola 0 |
BOTTOM OF THE 4TH |
Pensacola Blue Wahoos batting - Pitching for Altoona Curve : RHP Don Boudreau
|
Batting: RHB Jordan Torres
|
0-0: Called Strike 0-1: Ball 1-1: Foul Ball, location: 2F 1-2: Ball 2-2: SINGLE (Line Drive, 34D, EV 103.1 MPH)
|
Batting: LHB Brian Snyder
|
0-0: Ball 1-0: Ball 2-0: Called Strike 2-1: Grounds into double play, 4-6-3 (Groundball, 4, EV 81.2 MPH)
|
Batting: RHB Dave Ruiz
|
0-0: Foul Ball, location: 2F 0-1: Called Strike 0-2: Ball 1-2: Foul Ball, location: 2F 1-2: Ball 2-2: Foul Ball, location: 2F 2-2: Ball 3-2: Foul Ball, location: 2F 3-2: Foul Ball, location: 2F 3-2: Fly out, F7 (Line Drive, 78S, EV 97.5 MPH)
|
Bottom of the 4th over - 0 runs, 1 hit, 0 errors, 0 left on base; Altoona 3 - Pensacola 0 |
TOP OF THE 5TH |
Altoona Curve batting - Pitching for Pensacola Blue Wahoos : LHP Suk-jin Sok
|
Batting: RHB Pleun Smit
|
0-0: Ball 1-0: Called Strike 1-1: Ball 2-1: Ball 3-1: Foul Ball, location: 2F 3-2: Strikes out swinging
|
Batting: LHB Sammy Roddenberry
|
0-0: Ball 1-0: Ball 2-0: Foul Ball, location: 2F 2-1: Foul Ball, location: 2F 2-2: Ball 3-2: Base on Balls
|
Batting: RHB Jose Almonte
|
0-0: Swinging Strike Sammy Roddenberry steals 2nd base 0-1: Ball 1-1: SINGLE (Line Drive, 9LS, EV 101.9 MPH) Sammy Roddenberry to third
|
Batting: LHB Nick Rooney
|
0-0: Ball 1-0: Fly out, F3 (Popup, 23, EV 86.2 MPH)
|
Batting: RHB Etsuro Hosokawa
|
0-0: Ball 1-0: Called Strike 1-1: Called Strike 1-2: Ball 2-2: Strikes out swinging
|
Top of the 5th over - 0 runs, 1 hit, 0 errors, 2 left on base; Altoona 3 - Pensacola 0 |
BOTTOM OF THE 5TH |
Pensacola Blue Wahoos batting - Pitching for Altoona Curve : RHP Don Boudreau
|
Batting: RHB Matt Silva
|
0-0: Ball 1-0: Called Strike 1-1: Called Strike 1-2: SINGLE (Line Drive, 8LS, EV 90.0 MPH)
|
Batting: RHB Felipe Pineda
|
0-0: Called Strike 0-1: SINGLE (Flyball, 89M, EV 90.0 MPH) Matt Silva to second
|
Batting: RHB Pat Mage
|
0-0: Ball 1-0: SINGLE (Flyball, 4MD, EV 91.9 MPH) Matt Silva to third Felipe Pineda to second
|
Batting: RHB Jonathan Robies
|
0-0: Foul Ball, location: 2F 0-1: Ball 1-1: Called Strike 1-2: Foul Ball, location: 2F 1-2: Foul Ball, location: 2F 1-2: Strikes out looking
|
Batting: RHB Tony Casas
|
0-0: Called Strike 0-1: Ball 1-1: Called Strike 1-2: Strikes out looking
|
Batting: RHB Sang-ton Pak
|
0-0: Ground out 5-3 (Groundball, 56S, EV 89.4 MPH)
|
Bottom of the 5th over - 0 runs, 3 hits, 0 errors, 3 left on base; Altoona 3 - Pensacola 0 |
TOP OF THE 6TH |
Altoona Curve batting - Pitching for Pensacola Blue Wahoos : LHP Suk-jin Sok
|
Batting: RHB Mike Velazquez
|
0-0: Swinging Strike 0-1: Ground out 4-3 (Groundball, 4MD, EV 91.9 MPH)
|
Batting: LHB Ruben Garza
|
0-0: Called Strike 0-1: Foul Ball, location: 2F 0-2: Ball 1-2: Ground out 3-1 (Groundball, 34S, EV 92.5 MPH)
|
Batting: SHB Curtis Thompson
|
0-0: Swinging Strike 0-1: Ball 1-1: Ball 2-1: Called Strike 2-2: Ball 3-2: Foul Ball, location: 2F 3-2: Ground out 6-3 (Groundball, 6, EV 78.1 MPH)
|
Top of the 6th over - 0 runs, 0 hits, 0 errors, 0 left on base; Altoona 3 - Pensacola 0 |
BOTTOM OF THE 6TH |
Pensacola Blue Wahoos batting - Pitching for Altoona Curve : RHP Don Boudreau
|
Batting: RHB Jordan Torres
|
0-0: Foul Ball, location: 2F 0-1: Ground out 1-3 (Groundball, 13S, EV 68.8 MPH)
|
Batting: LHB Brian Snyder
|
0-0: Ball 1-0: Ball 2-0: Foul Ball, location: 2F 2-1: Foul Ball, location: 2F 2-2: Ball 3-2: Foul Ball, location: 2F 3-2: Strikes out looking
|
Batting: RHB Dave Ruiz
|
0-0: Ball 1-0: Ball 2-0: DOUBLE (Line Drive, 89M, EV 97.5 MPH)
|
Pitching: LHP Martin Garcia
|
|
Batting: RHB Matt Silva
|
0-0: Called Strike 0-1: Ball 1-1: Foul Ball, location: 2F 1-2: Ball 2-2: Ball 3-2: SINGLE (Groundball, 6M, EV 108.8 MPH) (infield hit) Dave Ruiz to third
|
Batting: RHB Felipe Pineda
|
0-0: Ball 1-0: Called Strike 1-1: Foul Ball, location: 2F 1-2: Strikes out looking
|
Bottom of the 6th over - 0 runs, 2 hits, 0 errors, 2 left on base; Altoona 3 - Pensacola 0 |
TOP OF THE 7TH |
Altoona Curve batting - Pitching for Pensacola Blue Wahoos : LHP Suk-jin Sok
|
Batting: RHB Keiji Nakajima
|
0-0: Ball 1-0: SINGLE (Flyball, 3D, EV 87.5 MPH)
|
Batting: RHB Pleun Smit
|
0-0: Ball 1-0: Called Strike 1-1: Ball 2-1: Called Strike 2-2: Foul Ball, location: 2F 2-2: Ball 3-2: SINGLE (Groundball, 6M, EV 106.2 MPH) (infield hit) Keiji Nakajima to second
|
Batting: LHB Sammy Roddenberry
|
0-0: Bunt missed! 0-1: Bunted foul 0-2: Fly out, F5 (Popup, 56S, EV 41.2 MPH)
|
Pitching: LHP Dave Schmidt
|
|
Batting: RHB Jose Almonte
|
0-0: Ball 1-0: Called Strike 1-1: Ball 2-1: SINGLE (Groundball, 34D, EV 96.2 MPH) Keiji Nakajima to third Pleun Smit to second Runner from 3rd tries for Home, SAFE, throw by RF to home
|
Batting: LHB Nick Rooney
|
0-0: Called Strike 0-1: Ball 1-1: Called Strike 1-2: Foul Ball, location: 2F 1-2: Fly out, F9 (Flyball, 89M, EV 91.9 MPH)
|
Batting: RHB Etsuro Hosokawa
|
0-0: Ball 1-0: Foul Ball, location: 2F 1-1: Fly out, F9 (Line Drive, 89M, EV 93.1 MPH)
|
Top of the 7th over - 1 run, 3 hits, 0 errors, 2 left on base; Altoona 4 - Pensacola 0 |
BOTTOM OF THE 7TH |
Pensacola Blue Wahoos batting - Pitching for Altoona Curve : LHP Martin Garcia
|
Batting: RHB Pat Mage
|
0-0: Called Strike 0-1: Ball 1-1: Ball 2-1: Fly out, F7 (Flyball, 7, EV 87.5 MPH)
|
Batting: RHB Jonathan Robies
|
0-0: Foul Ball, location: 2F 0-1: Ground out U3 (Groundball, 34, EV 86.9 MPH)
|
Batting: RHB Tony Casas
|
0-0: Called Strike 0-1: Foul Ball, location: 2F 0-2: Ball 1-2: Strikes out looking
|
Bottom of the 7th over - 0 runs, 0 hits, 0 errors, 0 left on base; Altoona 4 - Pensacola 0 |
TOP OF THE 8TH |
Altoona Curve batting - Pitching for Pensacola Blue Wahoos : LHP Dave Schmidt
|
Batting: RHB Mike Velazquez
|
0-0: Ball 1-0: Called Strike 1-1: Foul Ball, location: 2F 1-2: Ball 2-2: Foul Ball, location: 2F 2-2: Ground out 6-3 (Groundball, 6, EV 88.1 MPH)
|
Batting: LHB Ruben Garza
|
0-0: Ball 1-0: SINGLE (Groundball, 4MD, EV 102.5 MPH)
|
Batting: SHB Curtis Thompson
|
0-0: Ball 1-0: Ball 2-0: Ball 3-0: Called Strike 3-1: Fly out, F9 (Flyball, 9D, EV 93.8 MPH)
|
Batting: RHB Keiji Nakajima
|
0-0: Ball 1-0: Called Strike 1-1: Hit by Pitch Ruben Garza to second
|
Batting: RHB Pleun Smit
|
0-0: Ball 1-0: Ball 2-0: Called Strike 2-1: Ball 3-1: Base on Balls Ruben Garza to third Keiji Nakajima to second
|
Batting: LHB Sammy Roddenberry
|
0-0: Ball 1-0: Ball 2-0: SINGLE (Line Drive, 7S, EV 98.8 MPH) Ruben Garza scores Keiji Nakajima to third Pleun Smit to second Runner from 3rd tries for Home, SAFE, throw by LF to home
|
Batting: RHB Jose Almonte
|
0-0: SINGLE (Groundball, 6S, EV 98.8 MPH) Pleun Smit to third Sammy Roddenberry to second Runner from 3rd tries for Home, SAFE, throw by LF to home
|
Batting: LHB Nick Rooney
|
0-0: Called Strike 0-1: Ball 1-1: Foul Ball, location: 2F 1-2: DOUBLE (Line Drive, 78M, EV 98.8 MPH) Sammy Roddenberry scores Jose Almonte to third
|
Batting: RHB Etsuro Hosokawa
|
0-0: Foul Ball, location: 2F 0-1: Foul Ball, location: 2F 0-2: Strikes out looking
|
Top of the 8th over - 4 runs, 4 hits, 0 errors, 2 left on base; Altoona 8 - Pensacola 0 |
BOTTOM OF THE 8TH |
Pensacola Blue Wahoos batting - Pitching for Altoona Curve : LHP Martin Garcia
|
Batting: RHB Sang-ton Pak
|
0-0: Called Strike 0-1: Foul Ball, location: 2F 0-2: Ball 1-2: Foul Ball, location: 2F 1-2: Ball 2-2: Foul Ball, location: 2F 2-2: SINGLE (Groundball, 6, EV 105.6 MPH)
|
Batting: RHB Jordan Torres
|
0-0: Called Strike 0-1: Fly out, F8 (Flyball, 8RM, EV 89.4 MPH)
|
Batting: LHB Brian Snyder
|
0-0: Ball 1-0: Grounds into double play, 1-6-3 (Groundball, 34S, EV 63.8 MPH)
|
Bottom of the 8th over - 0 runs, 1 hit, 0 errors, 0 left on base; Altoona 8 - Pensacola 0 |
TOP OF THE 9TH |
Altoona Curve batting - Pitching for Pensacola Blue Wahoos : LHP Dave Schmidt
|
Pitching: RHP Victor Uriegas
|
|
Batting: RHB Mike Velazquez
|
0-0: Ball 1-0: Ground out 4-3 (Groundball, 4, EV 100.6 MPH)
|
Batting: LHB Ruben Garza
|
0-0: Ball 1-0: Ground out 6-3 (Groundball, 6, EV 103.1 MPH)
|
Batting: SHB Curtis Thompson
|
0-0: Ball 1-0: Fly out, F7 (Flyball, 7D, EV 91.2 MPH)
|
Top of the 9th over - 0 runs, 0 hits, 0 errors, 0 left on base; Altoona 8 - Pensacola 0 |
BOTTOM OF THE 9TH |
Pensacola Blue Wahoos batting - Pitching for Altoona Curve : LHP Martin Garcia
|
Batting: RHB Dave Ruiz
|
0-0: Ball 1-0: Ground out 6-3 (Groundball, 6MS, EV 67.5 MPH)
|
Batting: RHB Matt Silva
|
0-0: Swinging Strike 0-1: Ball 1-1: Called Strike 1-2: Ball 2-2: Strikes out swinging
|
Batting: RHB Felipe Pineda
|
0-0: Ball 1-0: Ground out U3 (Groundball, 34, EV 99.4 MPH)
|
Bottom of the 9th over - 0 runs, 0 hits, 0 errors, 0 left on base; Altoona 8 - Pensacola 0 |
|